 Dungeon Crawl Stone Soup version 0.17-a0-1831-gaadb308 (webtiles) character file.

55659 shakdrar the Tortoise (level 14, 0/122 HPs)
             Began as a Minotaur Fighter on Sept 14, 2015.
             Was an Elder of Okawaru.
             Killed from afar by a starcursed mass (7 damage)
             ... with an accursed screaming
             ... on level 1 of the Abyss.
             The game lasted 02:09:06 (23256 turns).

shakdrar the Tortoise (Minotaur Fighter)           Turns: 23256, Time: 02:09:06

Health: 0/122      AC: 28    Str: 22      XL:     14   Next: 39%
Magic:  20/20      EV: 16    Int: 16 (17) God:    Okawaru [****..]
Gold:   537        SH: 18    Dex: 16      Spells: 0 memorised, 13 levels left

rFire  . . .     SeeInvis +     W - +6 war axe (flame)
rCold  . . .     Clarity  .     b - +0 plate armour
rNeg   . . .     SustAt   +     V - +2 shield of Happiness {Int+7 Stlth+}
rPois  .         Gourm    .     G - +3 crown of Dyrovepreva {rElec Int+2 SInv}
rElec  +         Spirit   .     F - +2 cloak {MR+}
rCorr  +         Warding  .     (no gloves)
rMut   .         Stasis   .     (no boots)
MR     ++...                    L - amulet of resist corrosion
Stlth  ..........               D - +1 ring of protection
                                l - ring of sustain attributes

@: agile, heroism, very slightly contaminated, hasted, very quick, very
resistant to hostile enchantments, extremely unstealthy
A: retaliatory headbutt, horns 2
a: Heroism, Renounce Religion


You were on level 1 of the Abyss.
You worshipped Okawaru.
Okawaru was greatly pleased with you.
You were not hungry.

You visited 3 branches of the dungeon, and saw 22 of its levels.
You visited the Abyss 1 time.
You also visited: Ossuary.

You collected 2004 gold pieces.
You spent 1467 gold pieces at shops.

Inventory:

Hand weapons
 a - a +1 war axe
 h - a +1 trident of venom
 u - a +0 blowgun
 I - a +3 quick blade
 J - the cursed +1 great sword "Seaxeomn" {slice, -Tele rF+++ SInv}
   (You found it on level 11 of the Dungeon)

   It inflicts extra damage upon your enemies.
   It renders you almost immune to fire.
   It lets you see invisible.
   It prevents most forms of teleportation.
   It has a curse placed upon it.
 W - a +6 war axe of flaming (weapon)
Missiles
 i - 14 exploding tomahawks (quivered)
 y - 8 curare-tipped needles
Armour
 b - a +0 plate armour (worn)
 c - a +1 shield
 g - the +1 scale mail of Summertime {Str+8}
   (You found it on level 1 of the Lair of Beasts)

   It affects your strength (+8).
 n - a +0 large shield
 F - a +2 cloak of magic resistance (worn)
 G - the +3 crown of Dyrovepreva (worn) {rElec Int+2 SInv}
   (You bought it in a shop on level 5 of the Dungeon)

   It affects your intelligence (+2).
   It insulates you from electricity.
   It lets you see invisible.
 V - the +2 shield of Happiness (worn) {Int+7 Stlth+}
   (You bought it in a shop on level 5 of the Dungeon)

   It affects your intelligence (+7).
   It makes you more stealthy.
Jewellery
 l - a ring of sustain attributes (left hand)
 D - a +1 ring of protection (right hand)
 L - an amulet of resist corrosion (around neck)
 Q - an uncursed amulet of clarity {unknown}
Magical devices
 A - a wand of enslavement (0)
 E - a wand of flame (3)
 N - a wand of fireball (0)
 S - a wand of magic darts (28)
 U - a wand of lightning (1)
Scrolls
 p - 4 scrolls of teleportation
 r - a scroll of holy word
 t - 5 scrolls of remove curse
 B - 3 scrolls of enchant armour
 P - 7 scrolls of identify
 R - a scroll of magic mapping
 T - a scroll of fear
Potions
 d - a potion of might
 f - a potion of magic
 s - 7 potions of curing
 x - a potion of flight
 C - a potion of berserk rage {unknown}
 H - 2 potions of brilliance
 K - a potion of cure mutation
Books
 q - a book of the Tempests

   Spells                             Type                      Level
   a - Static Discharge               Conjuration/Air              3
   b - Lightning Bolt                 Conjuration/Air              5
   c - Fireball                       Conjuration/Fire             5
   d - Tornado                        Air                          9
   e - Shatter                        Earth                        9
 w - a book of Transfigurations

   Spells                             Type                      Level
   a - Stoneskin                      Transmutation/Earth          2
   b - Irradiate                      Conjuration/Transmutation    5
   c - Statue Form                    Transmutation/Earth          6
   d - Hydra Form                     Transmutation                6
   e - Dragon Form                    Transmutation                7
 M - a book of Death

   Spells                             Type                      Level
   a - Corpse Rot                     Necromancy                   2
   b - Sublimation of Blood           Necromancy                   2
   c - Agony                          Necromancy                   5
   d - Dispel Undead                  Necromancy                   5
   e - Excruciating Wounds            Charms/Necromancy            5
   f - Bolt of Draining               Conjuration/Necromancy       5
Miscellaneous
 O - a phantom mirror
Comestibles
 e - 12 bread rations
 k - 10 beef jerkies
 m - 6 fruits
 v - 3 meat rations


   Skills:
 + Level 10.7(15.7) Fighting
 - Level 11.7(16.7) Axes
 - Level 17.1(22.1) Armour
 - Level 13.5(18.5) Shields
 - Level 6.0 Invocations
 - Level 10.1 Evocations


You had 13 spell levels left.
You didn't know any spells.

Dungeon Overview and Level Annotations

Branches:
Dungeon (13/15)            Temple (0/1) D:5            Lair (5/8) D:10
  Swamp (0/4) Lair:5          Orc (4/4) D:12            Elf (0/3) Orc:4
 Vaults (0/5) D:13
  Snake: Lair:3-6    Spider: Lair:3-6

Altars:
Ashenzari
Kikubaaqudgha
Makhleb
Okawaru
Qazlal
Sif Muna
Trog
Vehumet
Yredelemnul
Beogh

Shops:
D:5 ?[%[   D:6 ?   D:9 [*[   D:10 %   D:13 *   Orc:4 ?[

Annotations:
Orc:1 Nergalle


Innate Abilities, Weirdness & Mutations

You reflexively headbutt those who attack you in melee.
You have a pair of horns on your head.


Message History

A starcursed mass splits.
The starspawn tentacle closely misses you.
You furiously retaliate!
You headbutt the starspawn tentacle, but do no damage.
The starspawn tentacle grabs you. The starspawn tentacle constricts you.
You hit the tentacled starspawn. You burn the tentacled starspawn.
The starspawn tentacle loses its grip on you.
You headbutt the tentacled starspawn!
The tentacled starspawn is almost destroyed.
You slash the starspawn tentacle! You burn the starspawn tentacle.
You destroy the starspawn tentacle!
You destroy the tentacled starspawn!
The starspawn's tentacles wither and die.
Drink which item? (? for menu, Esc to quit)
You feel yourself speed up.
You are very lightly contaminated with residual magic.
A starcursed mass splits.
The brain worm's bulging head throbs.
Something tries to feed on your intellect!
A deafening chorus of shrieks assaults your mind!
You die...

#.X........#w.###
.X#X.........#..####
#...X... .#.....## #
.#XXX..#.# #. #. .##
#. ##X..####
.w..##.# .
#.#..wL.#.####
......#
..#....X...## ##...
##. ............#
.#... #..
.##....@...## ..###
. ##$....#...# . . #
##...###...# ##.## #
#.....#.##.. #.#
........ #.... .# #
##.........## ..##
#............ . #
##.....#. . .#.# . #
#. ## #.#


You could see 7 starcursed masses, a revenant and a brain worm.

Vanquished Creatures
  A tentacled starspawn (Abyss:1)
  3 vault guards (D:13)
  An ogre mage (Orc:3)
  4 hydras
  An orc high priest (Orc:4)
  The ghost of ololoev the Destroyer, an experienced DrCj of Vehumet (D:11)
  3 orc knights (Orc:3)
  2 hill giants
  An unseen horror (D:11)
  Pikel (D:6)
  3 necromancers (D:13)
  3 orc sorcerers (Orc:3)
  2 cyclopes (D:13)
  4 ugly things
  An elephant (Lair:3)
  Joseph (D:7)
  An eye of devastation (shapeshifter) (D:13)
  4 centaur zombies
  A gargoyle (D:11)
  A hellion (Abyss:1)
  4 spiny frogs
  5 komodo dragons
  A kobold demonologist (D:13)
  2 fire drakes
  A polar bear (Lair:5)
  6 trolls
  4 deep elf magi
  A shadow (D:13)
  2 two-headed ogres
  2 wraiths (D:10)
  A trapdoor spider (D:12)
  2 spriggans (Lair:5)
  19 humans (D:13)
  3 hippogriffs
  4 wyverns
  24 yaks
  2 hungry ghosts
  5 wargs
  5 swamp worms (Lair:5)
  6 porcupines
  14 wolves
  28 water moccasins
  2 gnoll sergeants (D:6)
  A wasp (D:11)
  A swamp drake (Lair:1)
  31 orc warriors
  2 phantoms
  6 centaurs
  2 sky beasts
  4 ice beasts
  10 ogres
  4 black bears
  A small abomination (Abyss:1)
  6 crocodiles
  10 giant frogs
  4 water moccasin zombies
  2 big kobolds
  A wyvern skeleton (D:13)
  3 scorpions
  3 electric eels (Lair:5)
  26 wights
  6 giant frog zombies
  6 crimson imps
  3 hounds
  4 jellies
  16 iguanas
  31 orc priests
  28 orc wizards
  A giant frog skeleton (D:9)
  A quasit (D:7)
  6 worker ants
  A killer bee zombie (D:8)
  2 sheep (D:13)
  3 big kobold zombies (Ossuary)
  A hound zombie (D:5)
  A hound skeleton (D:5)
  2 mummies (Ossuary)
  3 gnolls (D:8)
  32 adders
  21 river rats
  3 shadow imps
  An ufetubus (Abyss:1)
  An adder zombie (Ossuary)
  138 orcs
  6 ball pythons
  8 giant cockroaches
  5 goblins
  7 hobgoblins
  4 jackals (D:3)
  3 quokkas
  A ball python skeleton (D:4)
  9 bats
  9 giant geckos
  A giant gecko skeleton (D:7)
  8 giant newts
  6 gnoll zombies (Ossuary)
  6 hobgoblin zombies (Ossuary)
  19 kobolds
  4 kobold zombies (Ossuary)
  2 orc zombies (Ossuary)
  8 rats
  A plant (Lair:3)
  A starspawn tentacle (Abyss:1)
718 creatures vanquished.

Vanquished Creatures (collateral kills)
  An orc warlord (Orc:4)
  An orc warrior (Orc:4)
  3 orcs (Orc:4)
5 creatures vanquished.

Vanquished Creatures (others)
  3 orc warriors (Orc:4)
  3 slaves (D:6)
  A human (D:3)
  2 gnolls (D:6)
  An adder (Lair:1)
  2 fungi (Lair:1)
  3 plants
  A starspawn tentacle (Abyss:1)
  15 starspawn tentacle segments (Abyss:1)
31 creatures vanquished.

Grand Total: 754 creatures vanquished

Notes
Turn   | Place    | Note
--------------------------------------------------------------
     0 | D:1      | shakdrar the Minotaur Fighter began the quest for the Orb.
     0 | D:1      | Reached XP level 1. HP: 19/19 MP: 0/0
   386 | D:1      | Reached XP level 2. HP: 27/27 MP: 1/1
   454 | D:1      | Reached skill level 4 in Armour
   728 | D:2      | Found a stormy altar of Qazlal.
   742 | D:2      | Reached XP level 3. HP: 29/33 MP: 2/2
   812 | D:2      | Reached XP level 4. HP: 38/40 MP: 3/3
  1137 | D:3      | Found an ancient bone altar of Kikubaaqudgha.
  1138 | D:3      | Noticed a human
  1141 | D:3      | Killed a human
  1502 | D:3      | Reached skill level 5 in Armour
  1502 | D:3      | Reached XP level 5. HP: 26/47 MP: 4/4
  1512 | D:3      | Reached skill level 5 in Shields
  2470 | D:4      | Found a sand-covered staircase.
  2475 | Ossuary  | Entered an ossuary
  2569 | Ossuary  | Reached XP level 6. HP: 17/55 MP: 5/5
  2601 | Ossuary  | Reached skill level 5 in Fighting
  2811 | Ossuary  | Reached skill level 6 in Armour
  2813 | Ossuary  | Reached skill level 5 in Axes
  3015 | D:4      | Found an iron altar of Okawaru.
  3018 | D:4      | Became a worshipper of Warmaster Okawaru
  3175 | D:4      | Reached XP level 7. HP: 61/61 MP: 6/6
  3507 | D:5      | Entered Level 5 of the Dungeon
  3565 | D:5      | Acquired Okawaru's first power
  3883 | D:5      | Found Uwkados's Magic Scroll Shop.
  3897 | D:5      | Bought a scroll of identify for 24 gold pieces
  3924 | D:5      | Found Lyekad's Armour Emporium.
  3947 | D:5      | Reached XP level 8. HP: 70/70 MP: 4/7
  3955 | D:5      | Found a staircase to the Ecumenical Temple.
  3998 | D:5      | Found Fuxuph's Food Shoppe.
  4037 | D:5      | Found an ancient bone altar of Kikubaaqudgha.
  4129 | D:5      | Found Plog's Antique Armour Boutique.
  4206 | D:5      | Found a burning altar of Makhleb.
  4206 | D:5      | Found a radiant altar of Vehumet.
  4268 | D:6      | Reached skill level 7 in Armour
  4329 | D:6      | Noticed Pikel
  4339 | D:6      | Killed Pikel
  4517 | D:6      | Found a bloodstained altar of Trog.
  4615 | D:6      | Reached skill level 8 in Axes
  4818 | D:6      | Reached skill level 1 in Invocations
  4818 | D:6      | Reached XP level 9. HP: 79/79 MP: 8/8
  5295 | D:6      | Found Wiutuesm's Magic Scroll Boutique.
  5306 | D:6      | Bought a scroll of random uselessness for 12 gold pieces
  5546 | D:7      | Noticed Joseph
  5665 | D:7      | Reached skill level 9 in Axes
  5840 | D:7      | Reached skill level 12 in Armour
  5840 | D:7      | Reached XP level 10. HP: 88/88 MP: 10/10
  5910 | D:7      | Found a basalt altar of Yredelemnul.
  5910 | D:7      | Found a shattered altar of Ashenzari.
  5954 | D:7      | Killed Joseph
  6565 | D:8      | Noticed a hill giant
  6579 | D:8      | Killed a hill giant
  6660 | D:8      | Reached XP level 11. HP: 35/95 MP: 11/11
  7124 | D:8      | Reached skill level 10 in Axes
  7376 | D:9      | Found Pisomoy Cuoh's Armour Boutique.
  7669 | D:9      | Found Riatt's Antique Armour Shoppe.
  7966 | D:9      | Found Veqoifij's General Store.
  8209 | D:10     | Entered Level 10 of the Dungeon
  8223 | D:10     | Reached skill level 13 in Shields
  8298 | D:10     | Found Dagg's Food Shoppe.
  8419 | D:10     | Found a deep blue altar of Sif Muna.
  8873 | D:10     | Identified a scroll of acquirement
  8918 | D:10     | Found a staircase to the Lair.
  9097 | D:11     | Noticed a seven-headed hydra
  9263 | D:5      | Bought the +3 crown of Dyrovepreva {rElec Int+2 SInv} for 496 gold pieces
  9397 | Lair:1   | Entered Level 1 of the Lair of Beasts
  9667 | Lair:1   | Noticed an eight-headed hydra
  9753 | Lair:2   | Acquired Okawaru's second power
 10239 | Lair:2   | Noticed a four-headed hydra
 10259 | Lair:1   | Received a gift from Okawaru
 10259 | Lair:1   | Reached XP level 12. HP: 104/104 MP: 12/12
 10500 | Lair:1   | Reached skill level 1 in Evocations
 10578 | Lair:1   | Got a crude scale mail
 10591 | Lair:1   | Identified the +1 scale mail of Summertime {Str+8} (You found it on level 1 of the Lair of Beasts)
 11065 | D:11     | Noticed an unseen horror
 11074 | D:11     | Killed an unseen horror
 11094 | D:11     | Got a faintly glowing great sword
 11112 | D:11     | Reached skill level 5 in Evocations
 11210 | D:11     | Identified the cursed +1 great sword "Seaxeomn" {slice, -Tele rF+++ SInv} (You found it on level 11 of the Dungeon)
 11234 | D:11     | Noticed an eight-headed hydra
 11350 | D:12     | Found a staircase to the Orcish Mines.
 11726 | D:12     | Found a basalt altar of Yredelemnul.
 11990 | D:12     | Got a faintly humming ring mail
 11991 | D:12     | Identified the +4 ring mail of the Swamp {MR- Int+3 Stlth+} (You found it on level 12 of the Dungeon)
 12694 | D:13     | Received a gift from Okawaru
 12937 | D:13     | Noticed a six-headed hydra
 13252 | D:13     | Found Suklol's General Store.
 13260 | D:13     | Bought a scroll of identify for 36 gold pieces
 13684 | D:13     | Reached XP level 13. HP: 101/111 MP: 18/18
 14030 | D:13     | Noticed a vault guard
 14053 | D:13     | Noticed a vault guard
 14053 | D:13     | Killed a vault guard
 14053 | D:13     | Reached skill level 10 in Evocations
 14065 | D:13     | Killed a vault guard
 14130 | D:13     | Noticed a vault guard
 14143 | D:13     | Killed a vault guard
 14143 | D:13     | Reached skill level 14 in Armour
 14376 | D:13     | Found a gate to the Vaults.
 14840 | D:13     | Killed a six-headed hydra
 15057 | Orc:1    | Entered Level 1 of the Orcish Mines
 15323 | Orc:1    | Noticed Nergalle
 15698 | D:11     | Killed an eight-headed hydra
 15832 | D:11     | Noticed ololoev's ghost (experienced DrCj)
 15846 | D:11     | Killed ololoev's ghost
 15846 | D:11     | Reached skill level 15 in Armour
 17252 | Lair:3   | Received a gift from Okawaru
 17253 | Lair:3   | Got a brightly glowing ring mail {god gift}
 17264 | Lair:3   | Identified the +0 ring mail "Wobbeiv" {MP+9 Str+4} (Okawaru gifted it to you on level 3 of the Lair of Beasts)
 17308 | Lair:3   | Reached skill level 16 in Armour
 19268 | Lair:5   | Found a staircase to the Swamp.
 20151 | Lair:1   | Noticed a five-headed hydra
 20156 | Lair:1   | Killed a five-headed hydra
 20156 | Lair:1   | Reached skill level 17 in Armour
 20372 | D:5      | Bought a warped shield for 266 gold pieces
 20372 | D:5      | Bought a pair of ancient boots for 266 gold pieces
 20382 | D:5      | Identified the +2 shield of Happiness {Int+7 Stlth+} (You bought it in a shop on level 5 of the Dungeon)
 20387 | D:5      | Identified the cursed -5 pair of boots "Husugewe" {rElec rF- Int+10 Dex+2} (You bought it in a shop on level 5 of the Dungeon)
 20700 | Orc:3    | Reached XP level 14. HP: 91/118 MP: 18/20
 20733 | Orc:3    | Paralysed by an ogre mage for 2 turns
 21193 | Orc:3    | Paralysed by an orc sorcerer for 5 turns
 21218 | Orc:3    | Reached skill level 5 in Invocations
 21641 | Orc:4    | Entered Level 4 of the Orcish Mines
 21767 | Orc:4    | Found a staircase to the Elven Halls.
 21866 | Orc:4    | Found a roughly hewn altar of Beogh.
 21894 | Orc:4    | Found Kass's Magic Scroll Boutique.
 21907 | Orc:4    | Bought a scroll of identify for 26 gold pieces
 21907 | Orc:4    | Bought a scroll of blinking for 97 gold pieces
 21907 | Orc:4    | Bought a scroll of identify for 26 gold pieces
 21907 | Orc:4    | Bought a scroll of holy word for 97 gold pieces
 21921 | Orc:4    | Found Waloe's Antique Armour Emporium.
 21936 | Orc:4    | Noticed an orc warlord
 22496 | Orc:4    | Killed an orc warlord
 22525 | Orc:4    | Bought a large shield for 121 gold pieces
 22676 | Orc:4    | Noticed an orc warlord
 22920 | Orc:4    | Received a gift from Okawaru
 22920 | Orc:4    | Reached skill level 10 in Fighting
 23074 | Orc:4    | Cast into the Abyss (orc warlord)
 23240 | Abyss:1  | Noticed a revenant
 23242 | Abyss:1  | Noticed a tentacled starspawn
 23247 | Abyss:1  | Noticed a revenant
 23251 | Abyss:1  | HP: 6/121 [starcursed mass/accursed screaming (4)]
 23253 | Abyss:1  | Killed a tentacled starspawn
 23256 | Abyss:1  | Killed from afar by a starcursed mass

Vault maps used:
D:1:      dpeg_arrival_castle, serial_forest, infiniplex_forest_clump_curved,
          infiniplex_forest_straight_2, infiniplex_forest_pool,
          infiniplex_forest_zigzag_2, infiniplex_forest_clump_medium,
          infiniplex_forest_clump_tiny, infiniplex_forest_straight_1,
          infiniplex_forest_clump_small, infiniplex_forest_straight_4,
          infiniplex_forest_corner_2
D:2:      grunt_qazlal_clouds
D:3:      tgw_kikubaaqudgha
D:4:      kennysheep_mini_moat, first_bread, enter_ossuary_2
D:5:      grunt_temple_overflow_lords_of_destruction,
          minmay_temple_entry_statues_pillars, serial_shops, kennysheep_mini,
          nicolae_shop_competitors_out_of_business, nicolae_shop_crystal,
          kennysheep_little_box, basic_altar
D:6:      nicolae_overflow_hidden_temple, serial_shops,
          nicolae_shop_temple_entry_statues_fountains, hangedman_decor_push,
          uniq_pikel
D:7:      gammafunk_temple_overflow_wave, uniq_joseph
D:9:      serial_shops, shop, shop, shop
D:10:     lair_0_dummy, basic_altar, serial_shops,
          nicolae_shop_scaring_up_business, grunt_ogre_cave
D:12:     erik_orc_4, basic_altar
D:13:     grunt_vaults_entry_tiered, serial_shops, shop_fountains,
          serial_park_tiny_2
Lair:1:   lemuel_reptile_caves
Lair:2:   beast_lair_carwin_large_3
Lair:3:   serial_bayou_pond_c
Lair:4:   serial_bayou_shore_b
Lair:5:   nicolae_swamp_entry_splash_gauntlet, forest_entry_grove,
          serial_bayou_shore_a
Orc:1:    uniq_nergalle
Orc:3:    nicolae_orc_pool_cavern, guppyfry_orc_lava_fort
Orc:4:    grunt_orc_community_town_hall, grunt_orc_community_big_house_1,
          grunt_orc_community_big_house_2, grunt_orc_community_house_2,
          grunt_orc_community_house_3, grunt_orc_community_house_2,
          grunt_orc_community_house_2, serial_shops, nicolae_shop_stone
Abyss:1:  evilmike_abyss_exit_vortex
Ossuary:  ossuary_tomb_2

Action                   |  1- 3 |  4- 6 |  7- 9 | 10-12 | 13-15 || total
-------------------------+-------+-------+-------+-------+-------++-------
Melee: War axe           |    91 |   189 |   194 |  1006 |   756 ||  2236
       Trident           |       |       |       |     1 |       ||     1
Invok: Heroism           |       |       |     4 |    11 |    21 ||    36
       Finesse           |       |       |       |       |     3 ||     3
Evoke: Wand              |       |       |       |     2 |    32 ||    34
  Use: Scroll            |     7 |     5 |     5 |    15 |    13 ||    45
       Potion            |       |     3 |     5 |     1 |    12 ||    21
  Eat: Chunk             |       |     3 |     4 |     3 |     6 ||    16
       Meat ration       |       |     1 |       |     3 |     4 ||     8
       Pizza             |       |       |     1 |     2 |     2 ||     5
       Bread ration      |       |       |     1 |     2 |     1 ||     4
       Fruit             |       |       |       |     4 |       ||     4
       Royal jelly       |       |       |       |       |     1 ||     1
